 Dungeon Sprint DCSS version 0.19-a0-1920-g83281cb (webtiles) character file.

1193 poirepourri the Markself (level 8, -2/58 HPs)
             Began as a High Elf Hunter on Oct 23, 2016.
             Was a Follower of Okawaru.
             Slain by a deep troll (15 damage)
             ... in the Dungeon (Sprint I: "Red Sonja").
             The game lasted 00:02:07 (1024 turns).

poirepourri the Markself (High Elf Hunter)          Turns: 1024, Time: 00:02:08

Health: -2/58      AC:  3    Str: 11    XL:     8   Next: 20%
Magic:  9/9        EV: 14    Int: 16    God:    Okawaru [*.....]
Gold:   453        SH:  0    Dex: 17    Spells: 0 memorised, 7 levels left

rFire  . . .     SeeInvis .     a - +2 shortbow
rCold  . . .     Gourm    .     c - +0 leather armour
rNeg   . . .     Faith    .     (shield currently unavailable)
rPois  .         Spirit   .     (no helmet)
rElec  .         Reflect  .     (no cloak)
rCorr  .         Harm     .     (no gloves)
MR     .....     NoTele   +     (no boots)
Stlth  ++........               (no amulet)
                                (no ring)
                                (no ring)

@: no status effects
A: no striking features
a: Heroism, Renounce Religion


You were in the Dungeon.
You worshipped Okawaru.
Okawaru was aware of your devotion.
You were not hungry.

You visited 1 branch You collected 513 gold pieces.
You spent 60 gold pieces at shops.

Inventory:

Hand Weapons
 a - a +2 shortbow (weapon)
 b - a +0 short sword
Missiles
 d - 8 arrows (quivered)
Armour
 c - a +0 leather armour (worn)
Scrolls
 k - a scroll of blinking
Potions
 e - a potion of curing
 g - a potion of heal wounds
 h - a potion of haste
 i - 2 potions of magic
 j - a potion of berserk rage
Comestibles
 f - a bread ration
 m - 2 meat rations


   Skills:
 + Level 6.6 Fighting
 + Level 19.3 Bows
 + Level 3.7 Armour
 + Level 4.9 Dodging
 - Level 1.1 Stealth


You had 7 spell levels left.
You didn't know any spells.

Dungeon Overview and Level Annotations

Branches:
Dungeon (1/1)

Altars:
Cheibriados
Dithmenos
Elyvilon
Fedhas
Gozag
Hepliaklqana
Kikubaaqudgha
Makhleb
Nemelex Xobeh
Okawaru
Qazlal
Ru
Sif Muna
Trog
Uskayaw
Vehumet
Xom
Yredelemnul
Zin
The Shining One
Jiyva
Lugonu

Shops:
D !=


Message History

The deep troll is moderately wounded.
The deep troll bites you. The deep troll barely misses you.
The deep troll claws you.
There is an open door here.
You see here a curare-tipped needle.
Firing (i - inventory):
d - 10 arrows (quivered)
Press: ? - help, Shift-Dir - straight line, f/p - deep troll
Aim: a deep troll (lightly wounded)
You shoot an arrow. The arrow hits the deep troll!
The deep troll is moderately wounded.
The deep troll bites you! The deep troll claws you!! The deep troll misses you.
Firing (i - inventory):
d - 9 arrows (quivered)
Press: ? - help, Shift-Dir - straight line, f/p - deep troll
Aim: a deep troll (moderately wounded)
You shoot an arrow. The arrow hits the deep troll.
The deep troll is moderately wounded.
The deep troll bites you!
* * * LOW HITPOINT WARNING * * *
The deep troll misses you. The deep troll claws you!
You die...

######################
#<.#..'..#..'..#__#..+
#..)..#..').#..'^.'..#
#..#####'#####'#__####
#..####..#...#.####
#..#__####..##.#
#..#_____##'#.@+
#⌠⌠#_.∩...'..T_#
####_..__##_(#'#
#_____###'#.#
############.####+###
#∩^.......'.).'((.$(+
###++++####...#######
##.## #+#


You could see a deep troll.

Vanquished Creatures
  Sonja (D)
  A slime creature (D)
  Sigmund (D)
  A yak (D)
  An ogre (D)
  A jelly (D)
  Ijyb (D)
7 creatures vanquished.

Vanquished Creatures (others)
  A gargoyle (D)
1 creature vanquished.

Grand Total: 8 creatures vanquished

Notes
Turn   | Place    | Note
-------+----------+-------------------------------------------
     0 | D        | poirepourri the High Elf Hunter began the quest for the Orb.
     0 | D        | Reached XP level 1. HP: 14/14 MP: 2/2
     3 | D        | Noticed Ijyb
     9 | D        | Killed Ijyb
     9 | D        | Reached skill level 8 in Bows
     9 | D        | Reached XP level 2. HP: 20/20 MP: 3/3
    57 | D        | Noticed an ogre
    65 | D        | Killed an ogre
    65 | D        | Reached skill level 12 in Bows
    65 | D        | Reached XP level 3. HP: 26/26 MP: 4/4
    65 | D        | Reached XP level 4. HP: 31/31 MP: 5/5
    91 | D        | Noticed Sigmund
   105 | D        | Killed Sigmund
   105 | D        | Reached skill level 14 in Bows
   105 | D        | Reached XP level 5. HP: 24/38 MP: 6/6
   105 | D        | Reached XP level 6. HP: 27/44 MP: 7/7
   261 | D        | Found a deep blue altar of Sif Muna.
   264 | D        | Reached skill level 15 in Bows
   265 | D        | Found a radiant altar of Vehumet.
   303 | D        | Found Kifer's Jewellery Emporium.
   303 | D        | Found an ancient bone altar of Kikubaaqudgha.
   303 | D        | Found a hazy altar of Hepliaklqana.
   303 | D        | Found a stormy altar of Qazlal.
   303 | D        | Found a hide-covered altar of Uskayaw.
   303 | D        | Found a blossoming altar of Fedhas.
   303 | D        | Found a bloodstained altar of Trog.
   303 | D        | Found an iron altar of Okawaru.
   303 | D        | Found a basalt altar of Yredelemnul.
   303 | D        | Found a glowing golden altar of the Shining One.
   303 | D        | Found a snail-covered altar of Cheibriados.
   303 | D        | Found a sacrificial altar of Ru.
   303 | D        | Found a glowing silver altar of Zin.
   303 | D        | Found a shadowy altar of Dithmenos.
   303 | D        | Found a white marble altar of Elyvilon.
   303 | D        | Noticed a yak
   314 | D        | Killed a yak
   314 | D        | Reached skill level 5 in Fighting
   314 | D        | Reached skill level 16 in Bows
   314 | D        | Reached skill level 1 in Armour
   315 | D        | Found an opulent altar of Gozag.
   317 | D        | Found a sparkling altar of Nemelex Xobeh.
   326 | D        | Became a worshipper of Warmaster Okawaru
   351 | D        | Killed a gargoyle
   614 | D        | Found a burning altar of Makhleb.
   614 | D        | Found a shimmering altar of Xom.
   614 | D        | Noticed a slime creature
   635 | D        | Killed a slime creature
   635 | D        | Reached skill level 17 in Bows
   635 | D        | Reached XP level 7. HP: 48/50 MP: 8/8
   646 | D        | Found a viscous altar of Jiyva.
   646 | D        | Found a corrupted altar of Lugonu.
   776 | D        | Noticed Sonja
   779 | D        | Killed Sonja
   779 | D        | Reached * piety under Okawaru
   779 | D        | Reached skill level 19 in Bows
   779 | D        | Reached XP level 8. HP: 35/58 MP: 9/9
   955 | D        | Found Ateulad's Distillery.
   963 | D        | Bought a potion of heal wounds for 60 gold pieces
  1012 | D        | Noticed a deep troll
  1024 | D        | Slain by a deep troll

Vault maps used:
D:        dungeon_sprint_1

Skill      XL: |  1  2  3  4  5  6  7 |
---------------+----------------------+-----
Bows           | 8 12 14 17 19 | 19.3
Fighting       | 3 4 5 6 |  6.6
Dodging        | 3 4 |  4.9
Armour         | 2 3 |  3.7
Stealth        | |  1.1

Action                   |  1- 3 |  4- 6 |  7- 9 || total
-------------------------+-------+-------+-------++-------
 Fire: Shortbow          |    14 |    42 |    10 ||    66
  Use: Scroll            |       |     1 |       ||     1
       Potion            |       |     1 |       ||     1
Armor: Leather armour    |     1 |     2 |       ||     3
Dodge: Dodged            |     3 |    13 |     3 ||    19
